 Dungeon Crawl Stone Soup version 0.24-a0-201-gf205589 (webtiles) character file.

Game seed: 3257133464402236494

455983 Hasart the Sorcerer (level 23, -42/127 HPs)
             Began as a Deep Elf Fire Elementalist on Mar 22, 2019.
             Was the Champion of Vehumet.
             Killed from afar by a titan (57 damage)
             ... with a bolt of lightning
             ... on level 5 of the Vaults on Mar 23, 2019.
             The game lasted 04:14:39 (72217 turns).

Hasart the Sorcerer (Deep Elf Fire Elementalist)   Turns: 72217, Time: 04:14:39

Health: -42/127    AC: 14    Str: 11    XL:     23   Next: 28%
Magic:  30/51      EV: 19    Int: 47    God:    Vehumet [******]
Gold:   2375       SH: 13    Dex: 15    Spells: 26/66 levels left

rFire    + + .     SeeInvis +   O - +6 hand axe "Supnocat" {chop, *Drain Str+6 Int+6}
rCold    + + +     Gourm    .   X - +0 shield of the Rabble {Int+4 SInv}
rNeg     . . .     Faith    .   g - +2 robe {rC+ rF+}
rPois    .         Spirit   .   T - +2 helmet {Int+3}
rElec    .         Reflect  .   V - scarf {rC+ rF+}
rCorr    .         Harm     .   u - +2 pair of gloves
MR       ++...                  U - +2 pair of boots {run}
Stlth    ++........             x - amulet of magic regeneration
HPRegen  0.31/turn              b - ring of wizardry
MPRegen  0.57/turn              h - ring "Rehyxaas" {rC+ Int+3}

@: studying Armour, quick
A: no striking features
}: 2/15 runes: serpentine, barnacled
a: Renounce Religion


You were on level 5 of the Vaults.
You worshipped Vehumet.
Vehumet was exalted by your worship.
You were hungry.

You visited 9 branches of the dungeon, and saw 45 of its levels.
You visited 1 bazaar.
You also visited: Bailey and Ice Cave.

You collected 5783 gold pieces.
You spent 3408 gold pieces at shops.

Inventory:

Hand Weapons
 O - the +6 hand axe "Supnocat" (weapon) {chop, *Drain Str+6 Int+6}
   (You found it on level 14 of the Dungeon)

   It inflicts extra damage upon your enemies.
   It affects your strength (+6).
   It affects your intelligence (+6).
   It causes draining when unequipped.
Armour
 g - a +2 robe of resistance (worn)
 o - the +2 robe of Wefoimigam {rPois rN+}
   (You found it on level 14 of the Dungeon)

   It protects you from poison.
   It protects you from negative energy.
 u - a +2 pair of gloves (worn)
 E - a +1 leather armour of magic resistance
 T - a +2 helmet of intelligence (worn)
 U - a +2 pair of boots of running (worn)
 V - a scarf of resistance (worn)
 X - the +0 shield of the Rabble (worn) {Int+4 SInv}
   (You bought it in a shop on level 2 of the Orcish Mines)

   It affects your intelligence (+4).
   It lets you see invisible.
Magical Staves
 i - an uncursed staff of air
 w - a cursed staff of power
Jewellery
 b - a ring of wizardry (left hand)
 h - the ring "Rehyxaas" (right hand) {rC+ Int+3}
   (You took it off a deep elf annihilator on level 3 of the Elven Halls)

   [ring of intelligence]

   It affects your intelligence (+3).
   It protects you from cold.
 n - an uncursed ring of flight
 s - the ring of Okyonweo {Fire rPois Str+2 Int+2}
   (You found it on level 3 of the Snake Pit)

   [ring of fire]

   It enhances your fire magic.
   It affects your strength (+2).
   It affects your intelligence (+2).
   It protects you from fire.
   It makes you vulnerable to cold.
   It protects you from poison.
 x - an amulet of magic regeneration (around neck)
 C - an uncursed ring of magical power
 M - the ring "Zeucepn" {rN++ Str+3 Stlth+}
   (You bought it in a shop on level 10 of the Dungeon)

   [ring of strength]

   It affects your strength (+3).
   It greatly protects you from negative energy.
   It makes you more stealthy.
Wands
 y - a wand of digging (21)
 N - a wand of iceblast (20)
 R - a wand of disintegration (29)
 Y - a wand of clouds (5)
 Z - a wand of acid (19)
Scrolls
 e - 6 scrolls of amnesia
 f - 18 scrolls of identify
 j - 21 scrolls of teleportation
 k - a scroll of summoning
 p - 4 scrolls of fear
 t - 7 scrolls of fog
 A - 2 scrolls of brand weapon
 F - 5 scrolls of blinking
 H - 3 scrolls of holy word
 K - 8 scrolls of enchant armour
 L - 14 scrolls of remove curse
 W - 4 scrolls of magic mapping
Potions
 a - 7 potions of magic
 d - 2 potions of ambrosia
 l - 10 potions of heal wounds
 m - 4 potions of cancellation
 q - 13 potions of curing
 v - 6 potions of mutation
 z - 4 potions of haste
 D - 5 potions of brilliance
 G - 8 potions of flight
 I - 4 potions of resistance
 S - 2 potions of invisibility
Books
 r - a manual of Armour
Comestibles
 c - 97 rations


   Skills:
 - Level 8.0 Fighting
 - Level 2.0 Staves
 - Level 5.0 Armour
 - Level 10.0 Dodging
 - Level 2.4 Stealth
 + Level 14.5 Shields
 + Level 22.2 Spellcasting
 - Level 19.0 Conjurations
 + Level 4.9 Charms
 - Level 4.2 Necromancy
 - Level 19.0 Fire Magic
   Level 4.2 Air Magic
 * Level 19.8 Earth Magic
 - Level 5.0 Evocations


You had 26 spell levels left.
You knew the following spells:

 Your Spells              Type           Power        Failure   Level  Hunger
a - Flame Tongue          Conj/Fire      #####        0%          1    None
b - Sticky Flame          Conj/Fire      ########     0%          4    None
c - Fireball              Conj/Fire      ########..   0%          5    None
e - Ignition              Fire           ########..   1%          8    None
f - Bolt of Magma         Conj/Fire/Erth ########..   0%          5    None
g - Iskenderun's Battles  Conj/Chrm      ########     1%          5    None
u - Regeneration          Chrm/Necr      #######...   1%          3    None
x - Shatter               Erth           ########..   1%          9    None

Your spell library contained the following spells:

 Spells                   Type           Power        Failure   Level  Hunger
 Chain Lightning          Conj/Air       ########..   2%          8    None
 Sandblast                Erth           ######       0%          1    None
 Sting                    Conj/Pois      ####         0%          1    None
 Passwall                 Tmut/Erth      #######.     0%          2    None
 Throw Flame              Conj/Fire      ######       0%          2    None
 Conjure Flame            Conj/Fire      ########     0%          3    None
 Dazzling Spray           Conj/Hex       ######       0%          3    None
 Inner Flame              Hex/Fire       #######.     0%          3    None
 Stone Arrow              Conj/Erth      ######       0%          3    None
 Lee's Rapid Deconstruct  Erth           ########..   0%          5    None
 Bolt of Fire             Conj/Fire      ########..   0%          6    None
 Animate Skeleton         Necr           N/A          1%          1    None
 Apportation              Tloc           ######       1%          1    None
 Beastly Appendage        Tmut           ######       1%          1    None
 Confusing Touch          Hex            ######       1%          1    None
 Corona                   Hex            ######.      1%          1    None
 Pain                     Necr           ####         1%          1    None
 Summon Butterflies       Summ           ######..     1%          1    None
 Ensorcelled Hibernation  Hex/Ice        ######       1%          2    None
 Poisonous Vapours        Pois/Air       ######       1%          2    None
 Slow                     Hex            ######..     1%          2    None
 Sticks to Snakes         Tmut           ######..     1%          2    None
 Confuse                  Hex            ######..     1%          3    None
 Gell's Gravitas          Tloc           ######....   1%          3    None
 Ignite Poison            Fire/Tmut/Pois #######.     1%          3    None
 Lesser Beckoning         Tloc           ######....   1%          3    None
 Mephitic Cloud           Conj/Pois/Air  #######.     1%          3    None
 Portal Projectile        Hex/Tloc       ######       1%          3    None
 Spider Form              Tmut/Pois      ######....   1%          3    None
 Tukima's Dance           Hex            ######..     1%          3    None
 Vampiric Draining        Necr           #######...   1%          3    None
 Animate Dead             Necr           N/A          1%          4    None
 Cause Fear               Hex            ######....   1%          4    None
 Ice Form                 Ice/Tmut       ######..     1%          4    None
 Leda's Liquefaction      Hex/Erth       #######...   1%          4    None
 Olgreb's Toxic Radiance  Pois           ######..     1%          4    None
 Petrify                  Tmut/Erth      #######.     1%          4    None
 Silence                  Hex/Air        ######....   1%          5    None
 Venom Bolt               Conj/Pois      #######...   1%          5    None
 Yara's Violent Unravell  Hex/Tmut       ######....   1%          5    None
 Conjure Ball Lightning   Conj/Air       ########..   1%          6    None
 Ring of Flames           Chrm/Fire      ########..   1%          7    None
 Alistair's Intoxication  Tmut/Pois      ######..     3%          5    None
 Blade Hands              Tmut           ######....   3%          5    None
 Metabolic Englaciation   Hex/Ice        ######....   3%          5    None
 Invisibility             Hex            ######..     21%         6    None


Dungeon Overview and Level Annotations

Branches:
Dungeon (15/15)            Temple (1/1) D:5            Lair (6/6) D:11
 Shoals (4/4) Lair:3        Snake (4/4) Lair:3        Slime (0/5) Lair:6
    Orc (2/2) D:9             Elf (3/3) Orc:2        Vaults (5/5) D:13
  Crypt (0/3) Vaults:2     Depths (5/5) D:15
    Zot: Depths:5

Altars:
Ashenzari
Cheibriados
Dithmenos
Elyvilon
Fedhas
Gozag
Hepliaklqana
Kikubaaqudgha
Makhleb
Nemelex Xobeh
Okawaru
Qazlal
Ru
Sif Muna
Trog
Uskayaw
Vehumet
Wu Jian
Xom
Yredelemnul
Zin
The Shining One
Lugonu

Shops:
D:8 [   D:10 =   D:14 (}   Orc:2 [%[%   Elf:3 }?   Shoals:4 ?   Snake:1 ?(
Vaults:2 !   Vaults:3 ?   Vaults:4 ?   Depths:2 }=}

Portals:
Hell: Depths:1 Depths:2 Depths:3 Depths:4
Abyss: Depths:3 Depths:4
Pandemonium: Depths:3

Annotations:
Vaults:2 Mennas


Message History

The fireball explodes!
The fireball engulfs the titan!!
The titan is almost dead.
You hear a shout!
The titan casts a spell.
The titan is healed somewhat.
The quicksilver dragon breathes dispelling energy at you.
The bolt of dispelling energy hits you!!
* * * LOW HITPOINT WARNING * * *
A storm dragon comes into view.
An ogre mage comes into view. It is wielding a +4 spear.
You hear a shout!
You hear a deafening roar!
You hear a horrible gurgling sound!
You hear a deafening roar!
Unknown command.
Unknown command.
Unknown command.
The quicksilver dragon breathes dispelling energy at you.
The bolt of dispelling energy misses you.
The titan gestures at you while chanting.
The bolt of lightning hits you!!!
You die...

#....# . #....#
O )(
#....#####.D
#..#.)).#...)
#...^)))))).
##......).#####
..).)<<.)).....
.).)<..@.))....
..).)<<).).....
..............)
##..))))(.#####
.....))...#
...#....##D
...#....# #. C.
#....# #.


You could see a titan, a storm dragon, a quicksilver dragon and an ogre mage.

Vanquished Creatures
  Mara (Vaults:2)
  Bai Suzhen (Shoals:3)
  A golden dragon (Depths:4)
  A lich (Depths:2)
  2 deep elf master archers (Elf:3)
  4 sphinxes
  Polyphemus (Shoals:2)
  2 deep elf blademasters (Elf:3)
  A quicksilver dragon (Depths:4)
  Asterion (Elf:2)
  Kirke (D:15)
  Agnes (D:15)
  A tengu reaver (Depths:3)
  5 fire giants
  9 nagarajas
  6 frost giants
  Louise (Snake:3)
  8 deep elf sorcerers
  12 vault wardens
  Aizul (Snake:3)
  A ghoul (Vaults:2)
  10 ironheart preservers
  An orc warlord (Vaults:2)
  5 deep elf elementalists
  A curse skull (Vaults:2)
  16 stone giants
  Nessos (Lair:5)
  2 entropy weavers (Lair:6)
  11 very ugly things
  3 vampire knights
  7 deep elf demonologists
  Azrael (Snake:2)
  7 deep elf death magi (Elf:3)
  6 ettins
  The ghost of Eveum the Unseen, a journeyman FeAr of Ru (Snake:3)
  6 deep elf annihilators (Elf:3)
  Josephine (D:10)
  10 yaktaur captains
  9 merfolk impalers
  5 merfolk javelineers (Shoals:4)
  13 fire dragons
  6 great orbs of eyes
  15 naga warriors
  2 deep elf high priests (Elf:3)
  7 hydras
  2 rakshasas
  A monstrous demonspawn (Depths:3)
  A hell beast (Depths:4)
  37 vault guards
  9 ice dragons
  A juggernaut simulacrum (Depths:4)
  2 catoblepae
  17 centaur warriors
  3 spriggan air magi
  An alligator snapping turtle (Shoals:4)
  A death knight (Vaults:2)
  4 merfolk aquamancers
  6 merfolk avatars
  12 anacondas
  26 two-headed ogres
  A satyr (Shoals:3)
  12 ogre magi
  A queen ant (Lair:6)
  16 dancing weapons
  5 tengu warriors
  4 deep troll earth magi (Depths:1)
  3 death yaks
  7 naga sharpshooters
  2 deep troll shamans
  8 shock serpents
  3 orc high priests
  4 spriggan berserkers
  10 hell knights
  Urug (Lair:2)
  Nergalle (D:11)
  3 salamander mystics
  A storm dragon zombie (Depths:4)
  17 deep elf knights
  2 soul eaters
  7 skeletal warriors
  2 iron trolls (Depths:4)
  A death drake (shapeshifter) (D:15)
  An unseen horror (D:13)
  3 flayed ghosts
  7 deep trolls
  9 necromancers
  4 wizards
  12 sea snakes
  3 naga ritualists
  10 ironbrand convokers
  An obsidian statue (D:13)
  4 phantasmal warriors
  2 glowing orange brains
  A lindwurm (Lair:4)
  13 deep elf archers
  12 orc knights
  Pikel (D:6)
  54 deep elf magi
  36 ugly things
  3 orc sorcerers
  4 wolf spiders
  7 fauns
  13 harpies
  A frost giant zombie (Depths:4)
  A cyclops (shapeshifter) (Elf:3)
  A sphinx skeleton (Depths:4)
  8 salamanders
  11 manticores
  10 mana vipers
  6 merfolk sirens
  10 cyclopes
  A salamander (shapeshifter) (D:14)
  35 black mambas
  A moth of wrath (Lair:5)
  15 vault sentinels
  5 guardian serpents
  4 water nymphs
  15 naga magi
  Joseph (D:10)
  A spectral shock serpent (Snake:3)
  8 elephants
  4 gargoyles
  An ice statue (IceCv)
  3 torpor snails
  5 spectral swamp worms (Depths:1)
  24 spiny frogs
  A komodo dragon (shapeshifter) (Depths:1)
  10 rime drakes
  3 freezing wraiths
  44 yaktaurs
  A hellwing (Depths:3)
  4 kobold demonologists
  9 komodo dragons
  An efreet (D:13)
  3 red devils
  A tormentor (Depths:3)
  A hornet (shapeshifter) (Elf:1)
  2 tengu conjurers
  16 polar bears
  32 merfolk
  17 tyrant leeches
  7 wind drakes
  5 hornets
  9 trolls
  Prince Ribbit (D:6)
  A spectral guardian serpent (Snake:3)
  52 slime creatures
  2 snapping turtles
  An elf zombie (Depths:4)
  4 hippogriffs
  8 dream sheep
  A spectral black mamba (Snake:3)
  4 spectral nagas (Snake:3)
  23 blink frogs
  3 centaur simulacra
  A stone giant simulacrum (Vaults:1)
  3 air elementals
  A spriggan (Depths:2)
  2 shadows
  8 redbacks (Depths:1)
  5 wraiths
  41 yaks
  A human (D:7)
  13 water elementals
  A vampire (D:14)
  6 hogs
  A human (shapeshifter) (D:15)
  4 wyverns
  3 hungry ghosts
  9 fire elementals
  11 steam dragons (Lair:4)
  3 basilisks
  12 vampire mosquitoes
  4 wargs
  3 swamp worms (Lair:5)
  A deep troll zombie (Vaults:1)
  19 soldier ants (Lair:6)
  5 acid dragons
  61 nagas
  A hell hound (Snake:2)
  14 water moccasins
  A porcupine (shapeshifter) (Depths:1)
  56 orc warriors
  13 porcupines
  A floating eye (Depths:2)
  17 ice beasts
  4 sky beasts
  4 black bears
  An orc zombie (Vaults:1)
  2 phantoms
  A necrophage (D:14)
  4 boggarts (D:15)
  3 black mamba simulacra (Snake:3)
  2 eyes of draining
  32 ogres
  18 wolves
  38 centaurs
  14 crocodiles
  9 big kobolds
  A gnoll sergeant (D:11)
  32 bullfrogs
  A glowing shapeshifter simulacrum (Vaults:1)
  An earth elemental (Elf:2)
  A wyvern zombie (D:14)
  A wyvern skeleton (D:11)
  7 scorpions
  A wight (D:11)
  6 killer bees
  6 electric eels
  A howler monkey (D:4)
  11 crimson imps
  10 centaur zombies
  2 quasits (Depths:3)
  9 hounds
  4 bullfrog zombies
  15 orc wizards
  7 jellies
  3 bullfrog skeletons
  15 orc priests
  6 centaur skeletons
  An iron imp (Depths:3)
  7 iguanas
  A naga simulacrum (Snake:3)
  38 worker ants
  2 hound zombies
  A hound skeleton (D:11)
  19 gnolls
  2 howler monkey skeletons
  14 adders
  5 shadow imps
  A white imp (D:13)
  4 ufetubi
  9 oozes
  An adder zombie (D:9)
  2 adder skeletons
  2 worms (D:2)
  3 dart slugs
  5 leopard geckos
  94 orcs
  6 bats
  3 giant cockroaches
  20 goblins
  12 hobgoblins
  11 jackals
  26 kobolds
  3 quokkas
  8 frilled lizards
  A leopard gecko skeleton (D:4)
  A quokka zombie (D:9)
  10 rats
  A bush (Lair:6)
  A butterfly (Lair:4)
  5 fungi (Lair:6)
  17 plants
2007 creatures vanquished.

Vanquished Creatures (others)
  14 ball lightnings
  A deep elf mage (Elf:2)
  2 humans (D:15)
  An adder zombie (D:6)
  3 bushes
  33 fungi
  50 plants
  9 toadstools (D:3)
113 creatures vanquished.

Grand Total: 2120 creatures vanquished

Notes
Turn   | Place    | Note
-------+----------+-------------------------------------------
     0 | D:1      | Hasart the Deep Elf Fire Elementalist began the quest for
                  | the Orb.
     0 | D:1      | Reached XP level 1. HP: 10/10 MP: 6/6
   536 | D:1      | Reached XP level 2. HP: 15/15 MP: 1/8
  1386 | D:1      | Reached XP level 3. HP: 19/19 MP: 6/9
  1814 | D:2      | Reached XP level 4. HP: 24/24 MP: 7/11
  1917 | D:2      | Learned a level 4 spell: Sticky Flame
  2371 | D:3      | Reached XP level 5. HP: 28/28 MP: 0/12
  2542 | D:3      | Reached skill level 4 in Spellcasting
  2988 | D:3      | Reached XP level 6. HP: 32/32 MP: 6/14
  2994 | D:3      | Reached skill level 5 in Fire Magic
  3195 | D:3      | Found an opulent altar of Gozag.
  3196 | D:3      | Found an ornate altar of the Wu Jian Council.
  3253 | D:3      | Found a faded altar of an unknown god.
  4027 | D:4      | Learned a level 5 spell: Fireball
  4067 | D:4      | Reached XP level 7. HP: 10/36 MP: 2/16
  4359 | D:4      | Reached skill level 5 in Conjurations
  4399 | D:4      | Found a glowing silver altar of Zin.
  4748 | D:4      | Found a shadowy altar of Dithmenos.
  4833 | D:5      | Entered Level 5 of the Dungeon
  4868 | D:5      | Found a staircase to the Ecumenical Temple.
  4902 | D:5      | Reached skill level 5 in Spellcasting
  5269 | D:6      | Reached skill level 5 in Dodging
  5319 | D:6      | Noticed Pikel
  5337 | D:6      | Killed Pikel
  5337 | D:6      | Reached skill level 6 in Spellcasting
  5337 | D:6      | Reached XP level 8. HP: 41/41 MP: 6/19
  5575 | D:6      | Noticed Prince Ribbit
  5580 | D:6      | Killed Prince Ribbit
  5590 | Temple   | Entered the Ecumenical Temple
  5655 | Temple   | Became a worshipper of Vehumet
  6040 | D:5      | Found a sacrificial altar of Ru.
  6912 | D:7      | Reached * piety under Vehumet
  6912 | D:7      | Offered knowledge of Shock by Vehumet.
  7063 | D:7      | Reached XP level 9. HP: 45/45 MP: 18/21
  7134 | D:7      | Reached skill level 7 in Spellcasting
  7911 | D:7      | Reached skill level 1 in Evocations
  8231 | D:7      | Reached skill level 8 in Spellcasting
  8358 | D:8      | Learned a level 3 spell: Regeneration
  8394 | D:8      | Reached ** piety under Vehumet
  8394 | D:8      | Offered knowledge of Searing Ray by Vehumet.
  8505 | D:8      | Noticed a two-headed ogre
  8518 | D:8      | Killed a two-headed ogre
  8518 | D:8      | Reached XP level 10. HP: 50/50 MP: 7/24
  8613 | D:8      | Reached skill level 10 in Fire Magic
  8624 | D:8      | Found a flagged portal.
  8633 | Bailey   | Entered a bailey
  8866 | Bailey   | Noticed an orc knight
  8904 | Bailey   | Offered knowledge of Ignite Poison by Vehumet.
  8997 | Bailey   | Found an iron altar of Okawaru.
  9036 | Bailey   | Killed an orc knight
  9036 | Bailey   | Reached skill level 1 in Shields
  9036 | Bailey   | Reached skill level 10 in Conjurations
  9038 | Bailey   | Noticed an orange demon
  9278 | Bailey   | Reached skill level 9 in Spellcasting
  9513 | Bailey   | Reached *** piety under Vehumet
  9766 | Bailey   | Identified the +1 scale mail of Zouro {MR+ Dex+4}
 10466 | D:8      | Found Safuggeg's Armour Shop.
 10942 | D:9      | Found a blossoming altar of Fedhas.
 10976 | D:9      | Found a staircase to the Orcish Mines.
 11059 | D:9      | Offered knowledge of Dazzling Spray by Vehumet.
 11094 | D:9      | Found a deep blue altar of Sif Muna.
 11366 | D:9      | Found a burning altar of Makhleb.
 11924 | D:10     | Entered Level 10 of the Dungeon
 11936 | D:10     | Reached XP level 11. HP: 52/54 MP: 20/26
 12182 | D:10     | Noticed Joseph
 12187 | D:10     | Killed Joseph
 12421 | D:10     | Noticed Josephine
 12709 | D:9      | Identified the +6 scale mail "Ammou" {Str+3 Dex+7} (You
                  | found it on level 9 of the Dungeon)
 12862 | D:10     | Found Monkoabb's Jewellery Shop.
 12866 | D:10     | Reached **** piety under Vehumet
 12879 | D:10     | Bought the ring "Zeucepn" {rN++ Str+3 Stlth+} for 504 gold
                  | pieces
 12917 | D:10     | Reached skill level 5 in Evocations
 12918 | D:10     | Offered knowledge of Airstrike by Vehumet.
 13022 | D:10     | Killed Josephine
 13395 | D:11     | Noticed Nergalle
 13531 | D:11     | Killed Nergalle
 13531 | D:11     | Reached skill level 10 in Spellcasting
 13659 | D:11     | Reached skill level 1 in Fighting
 14306 | D:11     | Found a staircase to the Lair.
 14313 | D:11     | Reached ***** piety under Vehumet
 14313 | D:11     | Offered knowledge of Venom Bolt by Vehumet.
 14689 | D:11     | Noticed a purple ugly thing
 14698 | D:11     | Killed a purple ugly thing
 14700 | D:11     | Reached XP level 12. HP: 48/62 MP: 10/28
 14862 | D:11     | Identified the cursed +1 robe "Buunuhiy" {rF+ Int-5 Dex+5}
                  | (You found it on level 11 of the Dungeon)
 15425 | Orc:1    | Entered Level 1 of the Orcish Mines
 15939 | Orc:1    | Noticed an orc high priest
 15944 | Orc:1    | Killed an orc high priest
 16445 | Orc:2    | Entered Level 2 of the Orcish Mines
 16445 | Orc:2    | Found a staircase to the Elven Halls.
 16469 | Orc:2    | Paralysed by an orc sorcerer for 7 turns
 16816 | Orc:2    | Reached skill level 11 in Spellcasting
 16818 | Orc:2    | Noticed an orc high priest
 16821 | Orc:2    | Killed an orc high priest
 16828 | Orc:2    | Noticed a centaur warrior
 16954 | Orc:2    | Noticed a centaur warrior
 16955 | Orc:2    | Killed a centaur warrior
 17051 | Orc:2    | Killed a centaur warrior
 17978 | Orc:2    | Reached skill level 5 in Shields
 18235 | Orc:2    | Found Hinkoi's Antique Armour Emporium.
 18235 | Orc:2    | Found Rumeawosh's Food Boutique.
 18237 | Orc:2    | Found Noclulafiepp's Armour Shop.
 18239 | Orc:2    | Found Luomaici's Food Shoppe.
 18256 | Orc:2    | Bought a +1 helmet of intelligence for 280 gold pieces
 18259 | Orc:2    | Bought a pair of embroidered boots for 270 gold pieces
 18259 | Orc:2    | Bought a glowing scarf for 288 gold pieces
 18259 | Orc:2    | Bought a citrine-encrusted leather armour for 252 gold
                  | pieces
 18259 | Orc:2    | Identified the cursed +0 leather armour of Hagod {+Blink
                  | Int-2 Slay+2} (You bought it in a shop on level 2 of the
                  | Orcish Mines)
 18277 | Orc:2    | Identified a +0 pair of boots of running (You bought it in
                  | a shop on level 2 of the Orcish Mines)
 18483 | Lair:1   | Entered Level 1 of the Lair of Beasts
 18663 | Lair:1   | Noticed an eight-headed hydra
 18679 | Lair:1   | Killed an eight-headed hydra
 19099 | Lair:1   | Reached XP level 13. HP: 49/70 MP: 26/30
 20216 | Lair:2   | Offered knowledge of Bolt of Draining by Vehumet.
 20679 | Lair:2   | Reached skill level 12 in Spellcasting
 21036 | Lair:2   | Noticed Urug
 21039 | Lair:2   | Killed Urug
 21302 | Lair:3   | Found a staircase to the Snake Pit.
 21351 | Lair:3   | Found a staircase to the Shoals.
 22781 | Lair:4   | Reached skill level 5 in Fighting
 23417 | Lair:4   | Noticed a fire dragon
 24159 | Orc:2    | Bought the cursed +0 shield of the Rabble {Int+4 SInv} for
                  | 358 gold pieces
 24165 | Orc:2    | Learned a level 5 spell: Bolt of Draining
 24588 | D:12     | Reached skill level 1 in Necromancy
 24588 | D:12     | Reached XP level 14. HP: 78/78 MP: 18/32
 25228 | D:12     | Offered knowledge of Bolt of Magma by Vehumet.
 25398 | D:12     | Found a shimmering altar of Xom.
 26056 | D:13     | Reached skill level 15 in Fire Magic
 26228 | D:13     | Learned a level 5 spell: Bolt of Magma
 26772 | D:13     | Reached skill level 13 in Spellcasting
 27009 | D:13     | Reached skill level 1 in Earth Magic
 27240 | D:13     | Reached skill level 15 in Conjurations
 27734 | D:13     | Found a gate to the Vaults.
 28533 | D:14     | Found Maskog's Gadget Shoppe.
 29136 | D:14     | Offered knowledge of Iskenderun's Battlesphere by Vehumet.
 29157 | D:13     | Learned a level 5 spell: Iskenderun's Battlesphere
 29523 | D:14     | Identified the Papyrus of Nocuous Air
 29538 | D:14     | Learned a level 6 spell: Conjure Ball Lightning
 29621 | D:14     | Identified the +2 robe of Wefoimigam {rPois rN+} (You found
                  | it on level 14 of the Dungeon)
 30266 | D:14     | Reached skill level 1 in Air Magic
 30464 | D:14     | Noticed a frost giant
 30469 | D:14     | Killed a frost giant
 30469 | D:14     | Reached skill level 1 in Staves
 30469 | D:14     | Reached XP level 15. HP: 64/81 MP: 12/34
 30823 | D:14     | Found Noipnan's Weapon Boutique.
 30931 | D:14     | Identified the +6 hand axe "Supnocat" {chop, *Drain Str+6
                  | Int+6} (You found it on level 14 of the Dungeon)
 31290 | D:15     | Entered Level 15 of the Dungeon
 31304 | D:15     | Noticed Kirke
 31307 | D:15     | Killed Kirke
 31399 | D:15     | Noticed Agnes
 31559 | D:15     | Found a frozen archway.
 31633 | D:15     | Offered knowledge of Bolt of Cold by Vehumet.
 31679 | IceCv    | Entered an ice cave
 32485 | IceCv    | Noticed a frost giant
 32493 | IceCv    | Killed a frost giant
 34795 | Lair:5   | Reached skill level 14 in Spellcasting
 35848 | Lair:5   | Noticed Nessos
 35852 | Lair:5   | Killed Nessos
 36161 | Lair:6   | Entered Level 6 of the Lair of Beasts
 36206 | Lair:6   | Offered knowledge of Ozocubu's Refrigeration by Vehumet.
 36903 | Lair:6   | Found a staircase to the Slime Pits.
 36920 | Lair:6   | Reached XP level 16. HP: 86/86 MP: 25/36
 39175 | D:15     | Killed Agnes
 39353 | D:15     | Reached skill level 10 in Dodging
 39354 | D:15     | Found a staircase to the Depths.
 39574 | D:15     | Offered knowledge of Bolt of Fire by Vehumet.
 39990 | Depths:1 | Entered Level 1 of the Depths
 40171 | Depths:1 | Reached skill level 15 in Spellcasting
 40296 | Depths:1 | Found a flickering gateway to a bazaar.
 40301 | Bazaar   | Entered a bazaar
 40301 | Bazaar   | Found Myezxiod's Jewellery Emporium.
 40301 | Bazaar   | Found Uwkutal's Weapon Emporium.
 40302 | Bazaar   | Found Rafack Wiesi's General Store.
 40302 | Bazaar   | Found Mutrier's Jewellery Shoppe.
 40318 | Bazaar   | Bought a scroll of remove curse for 24 gold pieces
 40318 | Bazaar   | Bought a scroll of remove curse for 24 gold pieces
 40322 | Bazaar   | Bought an uncursed ring of wizardry for 360 gold pieces
 40853 | Elf:1    | Entered Level 1 of the Elven Halls
 41220 | Elf:1    | Reached XP level 17. HP: 77/91 MP: 28/38
 43169 | Elf:2    | Found an ancient bone altar of Kikubaaqudgha.
 43246 | Elf:2    | Reached ****** piety under Vehumet
 43246 | Elf:2    | Offered knowledge of Shatter by Vehumet.
 43246 | Elf:2    | Offered knowledge of Chain Lightning by Vehumet.
 43246 | Elf:2    | Offered knowledge of Ignition by Vehumet.
 43285 | Elf:2    | Noticed Asterion
 43319 | Elf:2    | Killed Asterion
 43422 | Elf:2    | Identified the cursed +0 war axe "Tormentor" {venom, rF++
                  | rC+} (You found it on level 2 of the Elven Halls)
 43447 | Elf:2    | Found a runed translucent gate.
 43447 | Elf:2    | Found a runed translucent gate.
 43447 | Elf:2    | Found a runed translucent gate.
 44082 | Elf:3    | Entered Level 3 of the Elven Halls
 44297 | Elf:3    | Found Uhau's Magic Scroll Emporium.
 44323 | Elf:3    | Learned a level 8 spell: Ignition
 44350 | Elf:3    | Bought a scroll of amnesia for 38 gold pieces
 44350 | Elf:3    | Bought a scroll of teleportation for 33 gold pieces
 44350 | Elf:3    | Bought a scroll of blinking for 82 gold pieces
 44350 | Elf:3    | Bought a scroll of blinking for 82 gold pieces
 45177 | Elf:3    | Found Qomau's Gadget Shop.
 45393 | Elf:3    | Noticed a deep elf blademaster
 45396 | Elf:3    | Killed a deep elf blademaster
 45396 | Elf:3    | Noticed a deep elf master archer
 45668 | Elf:3    | Reached skill level 16 in Spellcasting
 45882 | Elf:3    | Noticed a deep elf blademaster
 45885 | Elf:3    | Identified the +0 scale mail "Bips" {MR- Dex+2 SInv}
 45885 | Elf:3    | Noticed a deep elf master archer
 45886 | Elf:3    | Killed a deep elf blademaster
 45891 | Elf:3    | Killed a deep elf master archer
 45891 | Elf:3    | Reached XP level 18. HP: 97/97 MP: 12/40
 46145 | Elf:3    | Identified the cursed +3 rapier of the Stork {flame, MP+9
                  | Str-3 Dex+10}
 46145 | Elf:3    | Identified the cursed +0 leather armour of the Eagle {rC+
                  | SInv}
 46158 | Elf:3    | Identified the cursed +1 short sword of Disaster {vamp,
                  | rC++ Int-5}
 46161 | Elf:3    | Identified the +6 broad axe of Uncomfortable Rashes
                  | {antimagic, -Tele rC+ MP+9 Dex+10}
 46163 | Elf:3    | Identified the ring "Rehyxaas" {rC+ Int+3}
 46223 | Elf:3    | Identified the +1 plate armour of Fedhas's Benevolence {rF+
                  | rN+ Int+3 SInv}
 46477 | Elf:3    | Identified the +6 scimitar "Nemiw" {slice, -Tele rPois
                  | Dex+4}
 46719 | Elf:3    | Found the +4 dagger "Morg" {pain, MR+ Int+5}
 47173 | Snake:1  | Entered Level 1 of the Snake Pit
 47577 | Snake:1  | Reached skill level 1 in Armour
 47705 | Snake:1  | Found Moipt's Magic Scroll Emporium.
 47711 | Snake:1  | Found Qerol's Antique Weapon Shoppe.
 47717 | Snake:1  | Bought an iridescent dagger for 203 gold pieces
 47717 | Snake:1  | Identified the +11 dagger "Faohuser" {drain, rN+ MR- Str+4}
                  | (You bought it in a shop on level 1 of the Snake Pit)
 48349 | Snake:2  | Reached skill level 5 in Earth Magic
 48363 | Snake:2  | Noticed Azrael
 49415 | Snake:2  | Killed Azrael
 50524 | Snake:3  | Noticed Louise
 50529 | Snake:3  | Killed Louise
 50530 | Snake:3  | Found a runed translucent gate.
 50530 | Snake:3  | Found a runed translucent gate.
 50530 | Snake:3  | Found a runed translucent gate.
 50623 | Snake:3  | Noticed Eveum's ghost (journeyman FeAr)
 50691 | Snake:3  | Noticed Aizul
 50703 | Snake:3  | Killed Aizul
 50703 | Snake:3  | Reached skill level 10 in Shields
 51008 | Snake:3  | Reached skill level 17 in Spellcasting
 51296 | Snake:3  | Got a flickering glass ring
 51297 | Snake:3  | Identified the ring of Okyonweo {Fire rPois Str+2 Int+2}
                  | (You found it on level 3 of the Snake Pit)
 51572 | Snake:3  | Reached skill level 5 in Armour
 51707 | Snake:4  | Entered Level 4 of the Snake Pit
 52248 | Snake:4  | Reached XP level 19. HP: 107/107 MP: 29/42
 54329 | Snake:4  | Got a serpentine rune of Zot
 54551 | Shoals:1 | Entered Level 1 of the Shoals
 54785 | Shoals:1 | Reached skill level 10 in Earth Magic
 54831 | Shoals:1 | Identified the +7 broad axe "Imeusch" {chop, Dex+2} (You
                  | found it on level 1 of the Shoals)
 55470 | Shoals:2 | Reached skill level 18 in Spellcasting
 56100 | Shoals:2 | Noticed Polyphemus
 56108 | Shoals:2 | Killed Polyphemus
 57059 | Shoals:3 | Noticed Bai Suzhen
 57065 | Shoals:3 | Killed Bai Suzhen
 57403 | Shoals:4 | Entered Level 4 of the Shoals
 57424 | Shoals:4 | Reached XP level 20. HP: 101/112 MP: 3/44
 57775 | Shoals:4 | Found Saarutt's Magic Scroll Shoppe.
 57786 | Shoals:4 | Bought a scroll of blinking for 120 gold pieces
 58612 | Shoals:4 | Got a barnacled rune of Zot
 58804 | Shoals:4 | Identified the Catalogue of Bewitchment
 59378 | Depths:1 | Found a gateway to Hell.
 59411 | Depths:1 | Reached skill level 19 in Spellcasting
 59796 | Snake:3  | Killed Eveum's ghost
 60650 | Depths:1 | Identified the +5 scale mail "Gissuk" {rC+} (You found it
                  | on level 1 of the Depths)
 61168 | Depths:1 | Paralysed by a vampire knight for 7 turns
 62610 | Depths:2 | Found Lamaedei's Gadget Shoppe.
 62610 | Depths:2 | Found Zawiubis's Jewellery Boutique.
 62611 | Depths:2 | Found Razoaw's Gadget Shoppe.
 63086 | Depths:3 | Found a one-way gate to the infinite horrors of the Abyss.
 63101 | Depths:3 | Reached XP level 21. HP: 99/114 MP: 14/46
 63147 | Depths:3 | Reached skill level 15 in Earth Magic
 63727 | Depths:3 | Found a one-way gate leading to the halls of Pandemonium.
 63935 | Depths:4 | Reached skill level 20 in Spellcasting
 64115 | Depths:4 | Found a corrupted altar of Lugonu.
 64548 | Depths:4 | Identified the cursed +1 mace "Xatiule" {protect, rC++
                  | Dex+3} (You found it on level 4 of the Depths)
 64675 | Depths:4 | Learned a level 9 spell: Shatter
 64842 | Depths:4 | Noticed a golden dragon
 64846 | Depths:4 | Killed a golden dragon
 65303 | Depths:5 | Entered Level 5 of the Depths
 65303 | Depths:5 | Noticed a caustic shrike
 65303 | Depths:5 | Noticed a caustic shrike
 65303 | Depths:5 | Noticed a caustic shrike
 65303 | Depths:5 | Noticed a caustic shrike
 65723 | Vaults:1 | Entered Level 1 of the Vaults
 66987 | Vaults:2 | Found a staircase to the Crypt.
 67472 | Vaults:2 | Noticed Mennas
 67482 | Vaults:2 | Found Ytzisanyl's Distillery.
 67491 | Vaults:2 | Bought a potion of heal wounds for 95 gold pieces
 67491 | Vaults:2 | Bought a potion of curing for 57 gold pieces
 67898 | Vaults:2 | Noticed Mara
 68006 | Vaults:2 | Reached XP level 22. HP: 104/119 MP: 40/48
 68146 | Vaults:2 | Killed Mara
 68402 | Vaults:2 | Reached skill level 21 in Spellcasting
 68845 | Vaults:3 | Found Linail's Magic Scroll Shoppe.
 68852 | Vaults:3 | Bought a scroll of amnesia for 49 gold pieces
 68852 | Vaults:3 | Bought a scroll of teleportation for 42 gold pieces
 71339 | Vaults:4 | Found Sonifail's Magic Scroll Boutique.
 71351 | Vaults:4 | Bought a scroll of blinking for 112 gold pieces
 71351 | Vaults:4 | Bought 3 scrolls of teleportation for 135 gold pieces
 71711 | Vaults:4 | Reached skill level 1 in Charms
 71799 | Vaults:4 | Reached skill level 22 in Spellcasting
 71802 | Vaults:4 | Reached XP level 23. HP: 86/127 MP: 15/51
 72208 | Vaults:5 | Entered Level 5 of the Vaults
 72217 | Vaults:5 | Killed from afar by a titan

Levels and vault maps discovered:
D:1:      dpeg_arrival_connections, layout_basic
D:2:      layout_basic, minmay_fractal_squares_gapless_5
D:3:      cheibrodos_fertilizer, layout_loops_ring,
          amethyst_overflow_temple_binary, chequers_ecumenical_altar_grove,
          minmay_cut_off
D:4:      layout_loops_ring, grunt_dithmenos_smoke_and_mirrors,
          old_standard_altar, first_ration
D:5:      layout_loops_ring, kennysheep_little_box,
          minmay_temple_entry_from_below_a
D:6:      layout_loops_ring, uniq_pikel, uniq_prince_ribbit1
D:7:      layout_gridville, grunt_livestock, grunt_decor_one_mirror,
          minmay_door_square, roderic_cross_of_infinity, minmay_joined_circles
D:8:      layout_gridville, serial_shops,
          nicolae_shop_temple_entry_statues_fountains,
          lightli_bailey_entry_fortress
D:9:      layout_irregular_city, makhleb_grotto_becter, kennysheep_mini,
          fedhas_ov_isle_minmay, orc_0_dummy, minmay_hedge_maze
D:10:     layout_cave_pods, serial_shops, shop, uniq_josephine, uniq_joseph
D:11:     minmay_bubble_buster, layout_irregular_city,
          due_lair_maze_entry_diamond, serial_glass, glass_columns_a,
          glass_columns_b, glass_columns_a, glass_columns_a, glass_columns_b,
          feat_on_display, due_unseen_surprise, uniq_nergalle
D:12:     layout_layer_cave, basic_altar
D:13:     kennysheep_kobold_grotto, layout_basic,
          lightli_vaults_fourway_checkpoint
D:14:     minmay_the_grid_4x2 [minmay_the_grid_large_cup,
          minmay_the_grid_armoury, minmay_the_grid_medium_cups,
          minmay_the_grid_spikes, minmay_the_grid_zigzag_pyramid,
          minmay_the_grid_all_tris, minmay_the_grid_paths,
          minmay_the_grid_prize_trominoes], layout_stronghold, nicolae_wwwww,
          serial_shops, shop, shop, kennysheep_pointless_box
D:15:     grunt_enter_depths_snipers, layout_irregular_city,
          portal_ice_cave_entry_ice_beasts, serial_bayou_pond_d,
          grunt_potential, uniq_agnes, uniq_kirke
Temple:   eino_temple_water
Lair:1:   layout_loops_ring, wad_woods_road_05
Lair:2:   layout_concentric_octagons, chequers_serial_rivers_large_b,
          serial_bayou_shore_b, lemuel_fruit_tree, uniq_urug
Lair:3:   layout_loops_ring, minmay_shoals_entry_centaurs, dummy_snake_entry,
          minivault_25, serial_bayou_lagoon_a
Lair:4:   layout_regular_city, bobbens_dragon_lair_wall, lemuel_fruit_fields
Lair:5:   layout_cave_pods, serial_bayou, serial_bayou_pond_d,
          serial_bayou_crossing, serial_bayou_pond_b, serial_bayou_ford_a,
          chequers_serial_rivers_room_b, serial_bayou_pond_b,
          chequers_serial_rivers_room_b, worms_lemuel, uniq_nessos
Lair:6:   minmay_lair_end_frog_pond, layout_long_grid, slime_dummy,
          chequers_serial_rivers_micro_a, zaba_anthell, serial_bayou_shore_b
Shoals:1: argonaut_golden_fleece, layout_shoals
Shoals:2: layout_shoals, uniq_polyphemus
Shoals:3: layout_shoals, uniq_bai_suzhen
Shoals:4: shoals_end_hangedman, layout_shoals, serial_shops, shop
Snake:1:  layout_basic, minmay_shoptagon
Snake:2:  layout_gridlike, grunt_ministairs_12, serial_bayou_pond_d,
          serial_bayou_pond_e, serial_bayou_shore_b, uniq_azrael
Snake:3:  layout_gridlike, gammafunk_ghost_necromancy, uniq_louise, uniq_aizul
Snake:4:  minmay_snake_end_coiled, layout_cave_town
Orc:1:    layout_caves, nicolae_orc_stony_grotto
Orc:2:    st_orc_rangers, layout_diamond_mine
Elf:1:    eino_elf_arrival_sip, layout_loops_cross, minivault_28
Elf:2:    layout_geoelf_grid, basic_altar, minivault_20, uniq_nikola,
          uniq_asterion
Elf:3:    grunt_elf_hall_asides, layout_geoelf_castle, serial_shops, shop, shop
Vaults:1: v_misc_22, nicolae_vaults_network_star, v_misc_3,
          ontoclasm_vaults_chip, ontoclasm_vaults_fault, v_alt_pattern_6,
          v_misc_32, vaults_room_door_hall, nicolae_vaults_little_squares_2,
          v_misc_14, nicolae_vaults_little_ls, layout_vaults_big_room
Vaults:2: vaults_mumra_minichess_inversion, v_misc_25, vaults_room_ringed_pool,
          grunt_vaults_funnel, nicolae_vaults_what_the_h,
          nicolae_vaults_ring_of_whatevers, minmay_crypt_entry_simple_round,
          vaults_room_hallway, layout_vaults_quadrants, serial_shops,
          nicolae_shop_trees, uniq_mara, uniq_mennas
Vaults:3: nicolae_vaults_yaktaur_gun_rack, v_rooms_1, v_pattern_1,
          hangedman_vaults_capsules, ontoclasm_vaults_ring_square,
          nicolae_vaults_sealed_display, grunt_vaults_focal, v_alt_pattern_4,
          grunt_vaults_hallway_short, nicolae_vaults_alarming, vaults_dpeg_ring,
          nicolae_vaults_meeting, v_misc_22, v_misc_17, nicolae_vaults_asterisk,
          layout_vaults_omnicross, serial_shops, shop
Vaults:4: nicolae_vaults_c_with_doors, grunt_vaults_trifunnel, v_misc_14,
          ontoclasm_vaults_ring_square, nicolae_vaults_circle_grid_a,
          nicolae_vaults_little_squares_3, v_alt_pattern_6, v_misc_31,
          vaults_room_mumra_shop_pool, hangedman_vaults_impose,
          ontoclasm_vaults_eye, ontoclasm_vaults_ring_square,
          layout_vaults_omnibox
Vaults:5: uniq_frederick
Depths:1: layout_cave_pools, grunt_decor_fettered, serial_shops, bzr_entry_road,
          pf_hell_entry_tar_river, serial_sigils_hangedman_scar, nrook_uturn,
          roderic_lattice_a, minmay_tree_intersection, minmay_liquid_box,
          drop_trap, kennysheep_kite_vault
Depths:2: minmay_haunted_quarter, layout_small_grid, hell_entry,
          lightli_corner_chamber, minmay_shop_grove, grunt_megastairs_3,
          infiniplex_staircase_pool_2, serial_bayou_shore_b
Depths:3: kennysheep_funnel, layout_cave_pools, grunt_pan_entry_spiral,
          minmay_misc_feat_rows, hell_entry, abyss_entry
Depths:4: minmay_skeletal_surprise, layout_honeycomb, minmay_misc_feat_ornament,
          grunt_mini_vestibule, abyss_entry_flame_altar, grunt_megastairs_2
Depths:5: evilmike_zot_entry_argh, layout_cave_shapes, enter_ziggurat_d,
          serial_shops, shop, hangedman_coc_ice_floe, moated_statue,
          abyss_entry, uniq_margery, uniq_xtahua, uniq_sojobo
Bazaar:   bazaar_jpeg_oval
Bailey:   bailey_axe_of_yendor_kennysheep, bailey
IceCv:    ice_cave_small_giant

Skill      XL: |  1  2  3  4  5  6  7  8  9 10 11 12 13 14 15 16 17 18 19 20 21 22 23 |
---------------+----------------------------------------------------------------------+-----
Conjurations   | 2 3 4 6 7 9 10 12 13 14 15 16 17 18 19 | 19.0
Dodging        | 3 4 5 6 8 9 10 | 10.0
Fire Magic     | 4 5 7 8 9 11 12 13 14 15 16 17 18 19 | 19.0
Spellcasting   | 4 6 8 9 10 11 12 13 14 15 16 17 18 19 20 22 | 22.2
Evocations     | 2 4 5 |  5.0
Shields        | 2 3 5 6 7 8 9 10 11 12 13 14 | 14.5
Fighting       | 2 4 5 6 7 8 |  8.0
Necromancy     | 1 4 |  4.2
Earth Magic    | 3 4 7 11 14 17 19 | 19.8
Air Magic      | 1 4 |  4.2
Staves         | 1 2 |  2.0
Armour         | 5 |  5.0
Charms         | 1 4 |  4.9
Stealth        | |  2.4

Action                   |  1- 3 |  4- 6 |  7- 9 | 10-12 | 13-15 | 16-18 | 19-21 | 22-24 || total
-------------------------+-------+-------+-------+-------+-------+-------+-------+-------++-------
Melee: Unarmed           |     6 |       |       |       |       |       |       |       ||     6
       Long sword        |       |     4 |       |       |       |       |       |       ||     4
       Hand axe          |       |    30 |    87 |    98 |   131 |    59 |    11 |    36 ||   452
       Staff             |       |       |       |       |    12 |       |       |       ||    12
 Cast: Flame Tongue      |    70 |   123 |   174 |   369 |   322 |   248 |   128 |    17 ||  1451
       Sticky Flame      |       |     1 |    19 |    65 |    83 |    40 |     8 |     8 ||   224
       Fireball          |       |       |     4 |   132 |   436 |   375 |   372 |    89 ||  1408
       Regeneration      |       |       |       |     3 |       |       |     1 |     1 ||     5
       Bolt of Magma     |       |       |       |       |     9 |    99 |   134 |    22 ||   264
       Conjure Ball Ligh |       |       |       |       |     7 |       |       |       ||     7
       Iskenderun's Batt |       |       |       |       |     5 |    40 |    38 |     3 ||    86
       Ignition          |       |       |       |       |       |    18 |    99 |    67 ||   184
       Shatter           |       |       |       |       |       |       |       |     7 ||     7
 Abil: Evoke Flight      |       |       |       |     3 |     1 |       |       |       ||     4
Evoke: Wand              |       |       |       |     2 |     1 |       |     3 |       ||     6
  Use: Scroll            |       |       |     8 |     5 |    19 |    26 |    11 |       ||    69
       Potion            |       |       |       |       |       |     4 |       |     1 ||     5
 Stab: Sleeping          |       |     2 |     3 |       |       |       |       |       ||     5
  Eat: Chunk             |     3 |     7 |    24 |    59 |    59 |    47 |    33 |    11 ||   243
       Ration            |       |       |       |       |       |       |     2 |       ||     2
Armor: Robe              |     4 |     6 |    13 |       |       |    30 |    25 |     3 ||    81
       Leather armour    |       |       |    20 |    70 |    90 |    10 |       |       ||   190
Dodge: Dodged            |    16 |    70 |   133 |   190 |   203 |   117 |    91 |    36 ||   856
Block: Buckler           |       |       |       |    61 |    76 |    18 |       |       ||   155
       Shield            |       |       |       |       |       |    67 |    90 |    43 ||   200
       Rpst.: Long sword |       |     5 |       |       |       |       |       |       ||     5

Table legend:
 A = Non-vault XP
 B = Vault XP
 C = Vault XP percentage of total XP
 D = Non-vault monster count
 E = Vault monster count
 F = Vault count percentage of total count
                 A         B        C        D         E       F
            +---------+---------+-------+---------+---------+-------
      Total |  458042 |  424416 |  48.1 |    1125 |     859 |  43.3
            +---------+---------+-------+---------+---------+-------
        D:1 |      41 |       0 |   0.0 |      24 |       0 |   0.0
        D:2 |      91 |      17 |  15.7 |      23 |       4 |  14.8
        D:3 |     166 |     166 |  50.0 |      15 |      20 |  57.1
        D:4 |     373 |       0 |   0.0 |      22 |       0 |   0.0
        D:5 |     354 |       0 |   0.0 |      20 |       0 |   0.0
        D:6 |     462 |     870 |  65.3 |      10 |       2 |  16.7
        D:7 |    1082 |    1313 |  54.8 |      30 |      13 |  30.2
        D:8 |    1411 |      77 |   5.2 |      10 |      12 |  54.5
        D:9 |    1551 |      50 |   3.1 |      23 |       1 |   4.2
       D:10 |    1652 |    2212 |  57.2 |      19 |       5 |  20.8
       D:11 |    3368 |    4700 |  58.3 |      22 |      27 |  55.1
       D:12 |    5679 |       0 |   0.0 |      27 |       0 |   0.0
       D:13 |    7456 |    8702 |  53.9 |      25 |      39 |  60.9
       D:14 |   13022 |   13333 |  50.6 |      42 |      28 |  40.0
       D:15 |    8414 |   16385 |  66.1 |      23 |      35 |  60.3
     Lair:1 |    4165 |       0 |   0.0 |      15 |       0 |   0.0
     Lair:2 |    6585 |     811 |  11.0 |      27 |       1 |   3.6
     Lair:3 |    4084 |     334 |   7.6 |      20 |       3 |  13.0
     Lair:4 |    3696 |    6219 |  62.7 |      11 |      20 |  64.5
     Lair:5 |    6208 |    7830 |  55.8 |      19 |      23 |  54.8
     Lair:6 |    8181 |   20139 |  71.1 |      25 |      99 |  79.8
   Shoals:1 |    6285 |       0 |   0.0 |      12 |       0 |   0.0
   Shoals:2 |   17999 |    5057 |  21.9 |      38 |       4 |   9.5
   Shoals:3 |   13057 |    5554 |  29.8 |      25 |       1 |   3.8
   Shoals:4 |   10801 |   24520 |  69.4 |      23 |      36 |  61.0
    Snake:1 |    6854 |     210 |   3.0 |      13 |       1 |   7.1
    Snake:2 |   14180 |    5283 |  27.1 |      26 |      11 |  29.7
    Snake:3 |   22782 |    7569 |  24.9 |      39 |      14 |  26.4
    Snake:4 |   29571 |   25784 |  46.6 |      55 |      47 |  46.1
      Orc:1 |    1915 |       0 |   0.0 |      26 |       0 |   0.0
      Orc:2 |    3769 |    6474 |  63.2 |      29 |      39 |  57.4
      Elf:1 |   20753 |   10048 |  32.6 |      36 |      16 |  30.8
      Elf:2 |   15309 |    7826 |  33.8 |      28 |       8 |  22.2
      Elf:3 |   11769 |   45966 |  79.6 |      19 |      31 |  62.0
   Vaults:1 |   12890 |   21994 |  63.0 |      26 |      31 |  54.4
   Vaults:2 |   13941 |   23713 |  63.0 |      26 |      25 |  49.0
   Vaults:3 |   15418 |   32641 |  67.9 |      31 |      39 |  55.7
   Vaults:4 |   34952 |   44176 |  55.8 |      44 |      60 |  57.7
   Vaults:5 |    6205 |   29926 |  82.8 |       8 |      29 |  78.4
   Depths:1 |   35464 |   15015 |  29.7 |      56 |      20 |  26.3
   Depths:2 |   22396 |    8357 |  27.2 |      35 |      11 |  23.9
   Depths:3 |   30177 |    3396 |  10.1 |      44 |      14 |  24.1
   Depths:4 |   32788 |    5357 |  14.0 |      32 |      11 |  25.6
   Depths:5 |     726 |       0 |   0.0 |       2 |       0 |   0.0
     Bailey |       0 |    2977 | 100.0 |       0 |      43 | 100.0
      IceCv |       0 |    9415 | 100.0 |       0 |      36 | 100.0
            +---------+---------+-------+---------+---------+-------
